Map: Invader LE

Players

capac

  • Race: Terran Terran
  • League: Gold

Kup - Winner!

  • Race: Protoss Protoss

VOD

Have the link to the VOD?

Description

Time

  • Played on: April 30, 2016, 7:42 a.m.
  • Length: 18:49
Show
View Real Time Build Order
Export as new Build Order

capac Terran 

Build Orders: Reaper Expand, MMM Bio 

Get SALT Encoding   

  12  0:08  SCV  
  13  0:21  Supply Depot  
  13  0:25  SCV  
  14  0:38  SCV  
  15  0:44  Refinery  
  15  0:46  Barracks  
  15  0:50  SCV  
  16  1:02  SCV  
  17  1:14  SCV  
  18  1:26  SCV  
  19  1:39  Reaper  
  20  1:41  Orbital Command  
  20  1:48  Command Center  
  20  1:56  Supply Depot  
  20  2:07  SCV  
  21  2:11  Marine  
  21  2:14  Factory  
  22  2:19  SCV  
  23  2:25  Refinery  
  23  2:31  SCV  
  23  2:37  Barracks  
  24  2:44  Barracks Reactor  
  24  2:48  SCV  
  25  3:01  Factory Tech Lab  
  25  3:02  Starport  
  25  3:04  SCV  
  26  3:09  Orbital Command  
  26  3:26  Marine x2  
  28  3:28  Barracks Tech Lab  
  28  3:30  Siege Tank  
  31  3:37  SCV  
  32  3:46  Marine  
  32  3:47  Marine x2  
  35  3:49  SCV  
  35  3:54  Medivac  
  38  4:01  Supply Depot, SCV  
  39  4:06  Engineering Bay  
  39  4:07  Marine x3  
  41  4:10  Stimpack  
  41  4:15  SCV x2  
  43  4:23  Supply Depot  
  43  4:24  Marine  
  43  4:25  Marine x2  
  43  4:26  Starport Reactor  
  43  4:30  SCV x2  
  48  4:36  Terran Infantry Weapons Level 1  
  48  4:42  Marine x2, SCV x2  
  52  4:46  Supply Depot  
  52  4:54  SCV x2  
  54  5:02  Missile Turret  
  54  5:07  Missile Turret  
  54  5:09  Marine x2  
  54  5:10  Marine  
  54  5:12  Medivac x2  
  61  5:20  Barracks  
  61  5:22  Barracks, SCV x2  
  61  5:26  Refinery  
  61  5:27  Refinery  
  63  5:29  Supply Depot  
  63  5:34  SCV  
  64  5:37  Missile Turret  
  64  5:39  SCV  
  65  5:44  Liberator x2  
  65  5:47  SCV  
  66  5:56  Marine  
  66  5:57  Marine x2  
  75  6:04  SCV  
  75  6:05  SCV  
  77  6:12  Supply Depot  
  77  6:14  Marine  
  78  6:41  Marine x4  
  78  6:42  Marine  
  69  6:59  Marine x2  
  71  7:02  Medivac x2  
  71  7:03  Supply Depot  
  71  7:04  Siege Tank  
  75  7:12  Barracks Reactor x2, Combat Shields  
  72  7:27  Marine, Command Center  
  72  7:28  Marine x2  
  75  7:41  Supply Depot  
  75  7:42  SCV x2  
  77  7:46  Terran Infantry Armor Level 1  
  77  7:48  Starport  
  77  7:50  Marine x6  
  83  7:54  SCV x2  
  85  8:02  Engineering Bay  
  85  8:05  Armory  
  85  8:08  Supply Depot  
  85  8:13  Marine x3  
  85  8:14  Marine x4  
  92  8:31  Marine x4  
  92  8:32  Marine  
  97  8:36  Starport Reactor  
  97  8:39  Supply Depot  
  97  8:49  Supply Depot  
  97  9:05  Marine x3  
  97  9:06  Marine x3  
  97  9:07  Marauder  
  97  9:08  SCV x2  
  97  9:09  Terran Infantry Weapons Level 2, Supply Depot  
  107  9:29  Marauder  
  107  9:30  Marine  
  107  9:31  Marine x5  
  111  9:36  Barracks  
  115  9:40  Barracks  
  115  9:43  Barracks  
  115  9:46  Barracks  
  115  9:48  Marine  
  115  9:51  Marauder  
  118  9:53  Medivac x2  
  122  10:02  Marine x5  
  127  10:12  Marauder  
  127  10:13  SCV x2  
  132  10:15  Orbital Command  
  131  10:30  Concussive Shells  
  131  10:38  Barracks Reactor  
  131  10:39  Barracks Reactor  
  131  10:40  Barracks Tech Lab  
  131  10:41  Barracks Tech Lab  
  131  10:49  Missile Turret  
  131  11:05  Missile Turret  
  131  11:07  Missile Turret  
  129  11:53  Marine x3  
  129  11:54  Marine x4  
  133  11:55  Marauder  
  132  12:15  Marine x4  
  127  12:16  Marine x6  
  130  12:39  Marine x4  
  130  12:40  Marine x2  
  130  12:41  Marauder x3, Marine x3  
  130  12:42  Marine  
  146  12:48  SCV x3  
  149  12:52  Refinery  
  149  12:53  Refinery  
  149  13:04  Starport  
  149  13:14  Marine  
  149  13:15  Marine, SCV  
  149  13:20  Marine x3, SCV, Medivac  
  149  13:21  Marauder x2, Medivac x2  
  149  13:22  Marauder  
  149  13:25  Medivac  
  143  13:31  Marine x5  
  143  13:32  Marine  
  143  13:33  Marine  
  134  13:42  Marauder  
  128  13:50  Medivac  
  100  14:05  Marine x4  
  100  14:06  Marine x4  
  100  14:07  Marauder x3, Marine x2  
  114  14:23  Marine  
  115  14:28  Marauder x2  
  116  14:33  Liberator x2  
  115  14:39  Marine x2  
  115  14:40  Marine x8  
  115  14:41  Marine  
  121  14:49  Marine x2  
  129  14:57  Marine x5  
  129  14:58  Marine x4  
  138  15:13  Marine  
  138  15:14  Marine x4  
  140  15:15  Marine  
  114  15:58  Medivac x2  
  114  15:59  Medivac  
  120  16:10  Medivac  
  122  16:11  Marine  
  122  16:12  Marine x12  
  133  16:29  Marine  
  133  16:30  Marine x12  
  133  16:47  Marine  
  133  16:51  Marine x5  
  133  16:52  Marine x3  
  133  16:57  Marauder  
  133  17:10  Marauder  
  133  17:14  Medivac  
  124  17:30  Orbital Command  
Show
View Real Time Build Order
Export as new Build Order

Kup Protoss - Winner!

Build Orders: 1 Gate Expand 

Get SALT Encoding   

  12  0:01  Probe (Chrono Boost)  
  13  0:11  Probe (Chrono Boost)  
  14  0:20  Pylon  
  14  0:23  Probe (Chrono Boost)  
  15  0:38  Probe (Chrono Boost), Gateway  
  16  0:47  Assimilator  
  16  0:49  Probe (Chrono Boost)  
  17  0:59  Probe (Chrono Boost)  
  18  1:10  Probe (Chrono Boost)  
  19  1:24  Nexus  
  19  1:34  Cybernetics Core  
  19  1:39  Assimilator  
  19  1:42  Probe (Chrono Boost)  
  20  1:49  Pylon  
  20  1:53  Probe (Chrono Boost)  
  21  2:04  Probe (Chrono Boost)  
  22  2:14  Probe (Chrono Boost)  
  23  2:16  Robotics Facility  
  23  2:25  Probe (Chrono Boost)  
  24  2:31  Warp Gate  
  24  2:35  Probe (Chrono Boost)  
  24  2:36  Stalker  
  27  2:39  Probe (Chrono Boost)  
  28  2:46  Probe (Chrono Boost)  
  28  2:50  Probe (Chrono Boost)  
  30  2:55  Gateway  
  30  2:56  Probe (Chrono Boost)  
  31  3:05  Pylon  
  31  3:06  Probe (Chrono Boost)  
  31  3:08  Observer  
  31  3:09  Probe (Chrono Boost)  
  34  3:16  Probe (Chrono Boost)  
  34  3:17  Stalker  
  38  3:20  Probe (Chrono Boost)  
  39  3:27  Probe (Chrono Boost)  
  39  3:30  Probe (Chrono Boost)  
  40  3:37  Probe (Chrono Boost)  
  40  3:38  Observer  
  40  3:41  Probe (Chrono Boost)  
  43  3:44  Stalker  
  43  3:47  Stalker  
  43  3:48  Probe (Chrono Boost)  
  48  3:49  Assimilator  
  48  3:51  Probe (Chrono Boost), Assimilator  
  49  3:58  Probe (Chrono Boost)  
  49  4:00  Pylon  
  50  4:07  Probe (Chrono Boost)  
  50  4:09  Observer  
  52  4:11  Probe (Chrono Boost)  
  53  4:17  Probe (Chrono Boost)  
  54  4:27  Gateway  
  54  4:28  Gateway  
  54  4:30  Probe x2 (Chrono Boost), Gateway  
  56  4:35  Immortal  
  60  4:42  Stalker  
  62  4:51  Pylon  
  62  4:53  Pylon  
  62  5:07  Twilight Council  
  62  5:09  Probe x2 (Chrono Boost)  
  62  5:13  Stalker  
  66  5:14  Stalker  
  68  5:24  Immortal  
  72  5:33  Adept  
  72  5:34  Adept x2  
  78  5:53  Nexus  
  78  5:58  Pylon  
  78  5:59  Pylon  
  78  6:00  Pylon  
  78  6:16  Probe x2 (Chrono Boost)  
  82  6:27  Probe x2 (Chrono Boost)  
  82  6:31  Pylon  
  69  6:44  Probe (Chrono Boost)  
  64  6:58  Stalker, Pylon  
  64  6:59  Stalker x3  
  69  7:04  Probe (Chrono Boost)  
  70  7:08  Pylon  
  70  7:14  Pylon  
  70  7:30  Adept x2  
  70  7:31  Adept x3  
  70  7:35  Templar Archives  
  80  7:45  Assimilator  
  80  7:47  Assimilator  
  80  7:52  Pylon  
  80  7:55  Templar Archives, Probe (Chrono Boost)  
  80  7:56  Probe (Chrono Boost)  
  80  7:57  Probe (Chrono Boost)  
  83  8:03  Adept  
  83  8:04  Adept x4, Pylon  
  93  8:07  Immortal  
  98  8:27  Probe x3 (Chrono Boost)  
  98  8:33  Resonating Glaives (Chrono Boost)  
  100  8:39  Probe  
  101  8:43  Psionic Storm  
  101  8:48  Probe x2  
  101  8:53  Immortal  
  107  8:58  High Templar x2  
  107  8:59  High Templar x3  
  117  9:03  Probe x2  
  117  9:05  Probe  
  120  9:22  Forge  
  120  9:31  Archon x2  
  120  9:35  Zealot  
  120  9:36  Zealot x4  
  130  9:47  Gateway  
  130  9:51  Gateway  
  130  9:54  Gateway  
  130  9:57  Gateway  
  130  9:58  Gateway  
  130  10:04  Zealot  
  130  10:05  Zealot x4  
  140  10:09  Gateway  
  140  10:10  Charge  
  140  10:14  Protoss Ground Weapons Level 1 (Chrono Boost)  
  140  10:22  Forge  
  140  10:27  High Templar  
  140  10:28  High Templar x4  
  147  10:33  Pylon  
  149  10:36  Pylon  
  149  10:46  Forge  
  149  10:54  Zealot  
  149  10:55  Zealot  
  153  10:58  Gateway  
  153  10:59  Probe  
  153  11:00  Probe  
  153  11:03  Probe  
  156  11:07  Zealot x3  
  156  11:08  Zealot  
  164  11:12  Probe  
  165  11:24  Pylon  
  165  11:25  Pylon  
  151  11:27  High Templar x2  
  151  11:28  Zealot x2  
  155  11:38  Protoss Ground Armor Level 1 (Chrono Boost)  
  153  11:40  Zealot x3  
  135  11:53  Zealot  
  135  11:54  Zealot x4  
  131  11:55  Archon  
  137  12:03  High Templar  
  137  12:04  High Templar  
  141  12:24  Archon  
  137  12:33  Zealot x4  
  137  12:34  Zealot x5  
  155  12:39  Protoss Ground Weapons Level 2 (Chrono Boost)  
  155  12:43  Cybernetics Core  
  155  12:49  High Templar  
  155  12:50  High Templar  
  159  12:51  Probe  
  159  12:53  Probe  
  159  12:54  Probe  
  162  12:58  Archon  
  162  13:10  Gateway  
  162  13:11  Gateway  
  162  13:14  Gateway  
  162  13:17  Gateway  
  118  13:31  Zealot x3  
  118  13:32  Zealot x4  
  108  13:55  Adept x5  
  102  14:32  High Templar x5  
  102  14:33  High Templar x6  
  116  14:48  Stalker  
  116  14:49  Stalker x3  
  110  15:32  Adept  
  110  15:33  Adept x8  
  128  15:46  Blink  
  122  16:03  Probe x2  
  124  16:19  Protoss Ground Weapons Level 3 (Chrono Boost)  
  124  16:36  Protoss Ground Armor Level 2 (Chrono Boost)  
  122  16:51  Adept x3  
  122  16:52  Adept x5  
  130  17:16  Probe  
  130  17:18  Nexus  
  131  17:31  Pylon  
  131  17:37  High Templar x5  
  133  17:41  Archon x2  
  141  17:56  Probe  
  141  17:57  Probe  
  141  17:58  Probe  
  144  18:09  Probe  
Tags
 
Add a new tag
Caveats
  • Supply blocks, unpowered buildings, or Contaminate may cause inaccurate times.
  • Supply counts are checked every 10 seconds.